 Dungeon Crawl Stone Soup version 0.31-a0-765-g67fe2935dc (webtiles) character file.

Game seed: 11236157977669753603

132 LeprechaunX the Changeling (level 5, -8/34 HPs)
             Began as an Octopode Shapeshifter on Sept 16, 2023.
             Mangled by Terence
             ... wielding a +0 morningstar
              (12 damage)
             ... on level 3 of the Dungeon.
             The game lasted 00:02:10 (1645 turns).

LeprechaunX the Changeling (Octopode Shapeshifter)  Turns: 1645, Time: 00:02:11

Health: -8/34      AC:  1    Str: 15    XL:     5   Next: 15%
Magic:  5/5        EV: 13    Int: 12    God:
Gold:   106        SH:  0    Dex: 12    Spells: 4/4 levels left

rFire   . .          .
                       - Unarmed
rCold   . . .        (no shield)
rNeg    . . .        (helmet currently unavailable)
rPois   +            (no amulet)
rElec   .            p - ring of poison resistance
rCorr   .            (no ring)
SInv    .            (no ring)
Will    .....        (no ring)
Stlth   ++           (no ring)
HPRegen 0.25/turn    (no ring)
MPRegen 0.09/turn    (no ring)
                     (no ring)

%: no passive effects
@: beast-form
A: beast (slay +2), almost no armour, amphibious, 8 rings, camouflage 1,
gelatinous body 1, (nimble swimmer 1), tentacles
a: Begin Untransformation


You were on level 3 of the Dungeon.
You were a hulking beast.
You visited 1 branch of the dungeon, and saw 3 of its levels.

You collected 106 gold pieces.

Inventory:

Jewellery
 p - a ring of poison resistance (left tentacle)
Talismans
 b - a beast talisman (active)
 c - a flux talisman
 n - a serpent talisman
Scrolls
 d - 2 scrolls of amnesia {unknown}
 e - 3 scrolls of identify {unknown}
 h - a scroll of enchant armour {unknown}
 k - 2 scrolls of noise {unknown}
 m - a scroll of blinking {unknown}
 o - a scroll of teleportation {unknown}
Potions
 a - a potion of lignification
 f - a potion of might {unknown}
 g - a potion of haste {unknown}
 i - a potion of mutation {unknown}
 j - a potion of attraction {unknown}
 l - 2 potions of cancellation {unknown}


   Skills:
 + Level 2.2 Fighting
 + Level 2.9 Dodging
 + Level 3.6 Unarmed Combat
 * Level 4.0 Shapeshifting


You had 4 spell levels left.
You didn't know any spells.
Your spell library contained the following spells:

 Spells                   Type           Power      Damage    Failure   Level
 Apportation              Tloc           0%         N/A       32%         1
 Foxfire                  Conj/Fire      0%         2x1d4     32%         1
 Necrotise                Necr           0%         1d4       32%         1
 Summon Small Mammal      Summ           0%         N/A       32%         1
 Sublimation of Blood     Necr           0%         N/A       45%         2
 Petrify                  Tmut/Erth      0%         N/A       97%         4
 Irradiate                Conj/Tmut      0%         3d11      100%        5
 Plasma Beam              Fire/Air       0%         2x1d10    100%        6
 Starburst                Conj/Fire      0%         6d3       100%        6


Dungeon Overview and Level Annotations

Branches:
Dungeon (3/15)

Altars:

Shops:
D:2 :

Annotations:
D:3 Terence


Innate Abilities, Weirdness & Mutations

You are a hulking beast.
Your limbs bulge with bestial killing power. (Slay +2)
You cannot wear most types of armour.
You are amphibious.
You can wear up to eight rings at the same time.
Your skin changes colour to match your surroundings (Stealth+).
Your rubbery body absorbs attacks. (AC +1, EV +1)
((You are camouflaged when in or above water. (Stealth+)))
You have tentacles for arms and can constrict up to eight enemies at once.


Message History

Terence hits you with a +0 morningstar!
A dart slug comes into view.
You tentacle-slap Terence but do no damage.
Your grab misses Terence. Your squeeze misses Terence.
Terence barely misses you.
You tentacle-slap Terence but do no damage.
You grab Terence. You constrict Terence. The dart slug launches a dart at you.
The slug dart misses you. Terence hits you with a +0 morningstar!
You are too injured to fight recklessly!
You are too injured to fight recklessly!
You are too injured to fight recklessly!
You are too injured to fight recklessly!
You are too injured to fight recklessly!
You are too injured to fight recklessly!
You are too injured to fight recklessly!
You are too injured to fight recklessly!
You are too injured to fight recklessly!
You are too injured to fight recklessly!
You are too injured to fight recklessly!
You are too injured to fight recklessly!
You are too injured to fight recklessly!
You are too injured to fight recklessly!
You are too injured to fight recklessly!
You are too injured to fight recklessly!
You are too injured to fight recklessly!
Unknown command.
You tentacle-slap Terence.
Terence is moderately wounded.
You constrict Terence. Terence hits you with a +0 morningstar!
* * * LOW HITPOINT WARNING * * *
Unknown command.
You release your grip on Terence.
Terence attacks as he pursues you! Terence closely misses you.
You tentacle-slap Terence but do no damage.
You grab Terence.
Terence is moderately wounded.
You constrict Terence, but do no damage.
Terence hits you with a +0 morningstar!
You die...

#### #...######
##........#
..........#####
.............w.
#@#.######
#h#......
#.#....####
#.#........
#.#.....###
..^#.#.......#..
#^.(......#..#.# #
≈#≈≈...#.....#.# .#
^.#....#.###.#.##.#
≈≈^.?..#...)......#


You could see Terence.

Vanquished Creatures
  An orc priest (D:2)
  Natasha (twice) (D:2)
  2 dart slugs
  5 orcs (D:2)
  4 bats
  4 endoplasms
  6 goblins
  2 hobgoblins
  3 kobolds
  3 quokkas (D:1)
  5 ball pythons
  A frilled lizard (D:2)
  6 rats
44 creatures vanquished.

Notes
Turn   | Place    | Note
-------+----------+-------------------------------------------
     0 | D:1      | LeprechaunX the Octopode Shapeshifter began the quest for
                  | the Orb.
     0 | D:1      | Reached XP level 1. HP: 13/13 MP: 1/1
    78 | D:1      | Reached XP level 2. HP: 18/18 MP: 2/2
   498 | D:1      | Reached XP level 3. HP: 23/23 MP: 3/3
   784 | D:2      | Reached XP level 4. HP: 4/29 MP: 4/4
   917 | D:2      | Found Umiu's Book Shoppe.
  1001 | D:2      | Identified the +3 flail "Killer Bee's Curse" {heavy, rC+}
  1214 | D:2      | Noticed Natasha
  1220 | D:2      | Killed Natasha
  1460 | D:2      | Noticed Natasha
  1467 | D:2      | Killed Natasha
  1468 | D:2      | Reached skill level 4 in Shapeshifting
  1468 | D:2      | Reached XP level 5. HP: 27/34 MP: 5/5
  1634 | D:3      | Noticed Terence
  1645 | D:3      | Mangled by Terence

Illustrated notes

Levels and vault maps discovered:
D:1:      mushboom_english_gardens, layout_loops_cross
D:2:      cheibrodos_pilgrimage, layout_basic, serial_shops, shop, minmay_puff,
          uniq_natasha
D:3:      layout_basic, lemuel_tele_altar, grunt_qazlal_sundering,
          chequers_ecumenical_altar_simple, uniq_terence, uniq_robin,
          uniq_grinder

Skill      XL: |  1  2  3  4 |
---------------+-------------+-----
Fighting       | 2 |  2.2
Shapeshifting  | 4 |  4.0
Dodging        | |  2.9
Unarmed Combat | |  3.6

Action                     |  1- 3 |  4- 6 || total
---------------------------+-------+-------++-------
  Melee: Unarmed           |    48 |    32 ||    80
         Constrict         |    14 |    12 ||    26
         Tentacles         |     9 |     7 ||    16
         Punch             |     1 |     1 ||     2
   Stab: Sleeping          |     4 |     3 ||     7
 Armour: Skin              |    22 |    12 ||    34
  Dodge: Dodged            |    27 |    13 ||    40

Table legend: (Time is in decaauts)
 A = Elapsed time spent in this place.
 B = Non-inter-level travel time spent in this place.
 C = Inter-level travel time spent in this place.
 D = Time resting spent in this place.
 E = Time spent auto-exploring this place.
 F = Levels seen in this place.
 G = Mean time per level.
                   A        B        C        D        E       F      G
               +--------+--------+--------+--------+--------+-----+--------+
         Total |   1639 |   1606 |     33 |    105 |   1137 |   3 |  546.3 |
       Dungeon |   1639 |   1606 |     33 |    105 |   1137 |   3 |  546.3 |
               +--------+--------+--------+--------+--------+-----+--------+

Top non-repeatable levels by time:
     D:2: 884 daAuts
     D:1: 719 daAuts
     D:3: 35 daAuts
